 Dungeon Crawl Stone Soup version 0.13.0-13-g27bfa31 (webtiles) character file.

37942 Narretz the Nimble (level 13, -8/85 HPs)
             Began as a High Elf Skald on Oct 13, 2013.
             Was the Champion of Okawaru.
             Mangled by a basilisk (9 damage)
             ... on Level 4 of the Lair of Beasts on Oct 19, 2013.
             The game lasted 03:56:29 (20019 turns).

Narretz the Nimble (High Elf Skald)                Turns: 20019, Time: 03:56:30

HP  -8/85        AC  9     Str 13      XL: 13   Next: 53%
MP  32/33        EV  2     Int 18      God: Okawaru [******]
Gold 1460        SH  0     Dex 21      Spells:  9 memorised, 11 levels left

Res.Fire  : + . .   See Invis. : .   U - +2,+3 orc scimitar (flame)
Res.Cold  : . . .   Warding    : .   m - +0 orc robe {rF+}
Life Prot.: + + +   Conserve   : +   b - +0 elf buckler
Res.Poison: +       Res.Corr.  : +   h - +2 wizard hat "Ecanaz" {Dex+3 Dam+5}
Res.Elec. : .       Clarity    : .   C - +1 cloak {rCorr, Cons}
Sust.Abil.: . .     Spirit.Shd : .   w - +0 pair of gloves of Instinct {rPois}
Res.Mut.  : .       Stasis     : .   W - +1 pair of boots {Fly}
Res.Rott. : +       Flight     : .   H - amulet of faith
Saprovore : . . .                    J - ring of Ploonynu {Wiz Int+1 Dam+4}
                                     y - ring of regeneration

@: petrified, somewhat resistant to hostile enchantments, quite stealthy
A: no striking features
a: Heroism, Finesse, Renounce Religion, Stop Singing, Evoke Flight


You were on level 4 of the Lair of Beasts.
You worshipped Okawaru.
Okawaru was exalted by your worship.
You were hungry.

You visited 4 branches of the dungeon, and saw 22 of its levels.
You also visited: Bailey and Volcano.

You collected 1644 gold pieces.
You spent 204 gold pieces at shops.

Inventory:

Hand weapons
 U - a +2,+3 orcish scimitar of flaming (weapon)
 Z - a +2,+3 long sword of freezing
Missiles
 A - a poisoned javelin (quivered)
Armour
 b - a +0 elven buckler (worn)
 c - the +3 ring mail "Pnuell" {Str-1 Dex+3}
   (Okawaru gifted it to you on level 12 of the Dungeon)

   It affects your strength (-1).
   It affects your dexterity (+3).
 h - the +2 wizard hat "Ecanaz" (worn) {Dex+3 Dam+5}
   (You found it on level 10 of the Dungeon)

   It affects your dexterity (+3).
   It affects your damage-dealing abilities (+5).
 j - a +1 pair of gauntlets of fire resistance
 m - a +0 orcish robe of fire resistance (worn)
 u - a +1 elven robe of cold resistance
 w - the +0 pair of gloves of Instinct (worn) {rPois}
   (You found it on level 2 of the Lair of Beasts)

   It protects you from poison.
 C - a +1 cloak of preservation (worn)
 W - a +1 pair of boots of flying (worn)
Magical devices
 a - a wand of polymorph (8)
 g - a wand of magic darts (7)
 i - a wand of frost (10)
 D - a wand of enslavement (8)
 P - a wand of flame (8)
 Y - a wand of draining (4)
Comestibles
 d - 8 bread rations
 t - 8 meat rations
Scrolls
 f - 2 scrolls of blinking
 p - 2 scrolls of magic mapping
 s - 5 scrolls of teleportation
 B - 2 scrolls of amnesia
 E - a scroll of curse weapon {unknown}
 F - 3 scrolls of random uselessness
 K - 5 scrolls of remove curse
 L - a scroll of enchant weapon I {unknown}
 M - 3 scrolls of fear
 N - a scroll of enchant armour {unknown}
 S - a scroll of fog {unknown}
 V - 4 scrolls of identify
Jewellery
 o - an uncursed ring of ice
 x - a +4 ring of strength
 y - a ring of regeneration (left hand)
 H - an amulet of faith (around neck)
 I - an uncursed ring of fire
 J - the ring of Ploonynu (right hand) {Wiz Int+1 Dam+4}
   (You found it on level 6 of the Dungeon)

   [ring of wizardry]

   It affects your intelligence (+1).
   It affects your damage-dealing abilities (+4).
 O - an uncursed ring of protection from magic
Potions
 e - 5 potions of curing
 k - 3 potions of heal wounds
 l - a potion of might {unknown}
 n - 3 potions of resistance
 q - a potion of flight {unknown}
 v - 2 potions of speed
 z - a potion of confusion {unknown}
 G - a potion of paralysis {unknown}
 Q - a potion of porridge {unknown}
 R - a potion of mutation {unknown}
 X - 2 potions of brilliance {unknown}


   Skills:
 * Level 9.1 Fighting
   Level 1.0 Short Blades
 - Level 10.1 Long Blades
 - Level 2.1 Throwing
 + Level 2.1 Armour
 + Level 12.3 Dodging
 + Level 5.7 Stealth
 * Level 6.7 Shields
 + Level 10.7 Spellcasting
 + Level 1.1 Hexes
 + Level 10.7 Charms
 + Level 3.0 Translocations
 + Level 4.5 Air Magic
 + Level 2.5 Invocations
 + Level 1.4 Evocations


You had 11 spell levels left.
You knew the following spells:

 Your Spells              Type           Power        Failure   Level  Hunger
a - Infusion              Chrm           #####.       1%          1    None
b - Song of Slaying       Chrm           #####.....   1%          2    None
c - Shroud of Golubria    Chrm/Tloc      ####......   1%          2    None
d - Swiftness             Chrm/Air       #####.....   1%          2    None
e - Repel Missiles        Chrm/Air       #####.....   1%          2    None
f - Song of Shielding     Chrm           #####...     1%          4    ##.....
g - Spectral Weapon       Hex/Chrm       ####....     1%          3    None
h - Flight                Chrm/Air       #####.....   1%          3    None
i - Regeneration          Chrm/Necr      ####......   1%          3    None


Dungeon Overview and Level Annotations

Branches:
Dungeon (12/27)            Temple (1/1) D:4             Orc (4/4) D:11
   Lair (5/8) D:12         Shoals (0/5) Lair:4
    Elf: Orc:3-4      Swamp: Lair:3-6     Snake: Lair:3-6    Spider: Lair:3-6

Altars:
Ashenzari
Cheibriados
Elyvilon
Fedhas
Kikubaaqudgha
Makhleb
Nemelex Xobeh
Okawaru
Sif Muna
Trog
Vehumet
Xom
Yredelemnul
Zin
the Shining One
Beogh

Shops:
D:6 =   D:8 !   Orc:1 [   Orc:2 [   Orc:4 [

Annotations:
D:3 Grinder
D:5 exclusions: downstairs and upstairs
D:6 exclusions: 2 downstairs and 2 upstairs
D:8 exclusions: downstairs and spectral weapon
D:10 Mortschlag's ghost, experienced GrFi; Nergalle
Orc:1 Edmund
Orc:2 exclusion: 2 upstairs
Orc:3 exclusion: downstairs
Lair:1 exclusion: hydra
Lair:3 exclusion: 2 oklob plants
Lair:4 exclusion: oklob plant


Message History

The sheep bites you. The sheep bites you! The basilisk bites you.
* * * LOW HITPOINT WARNING * * *
The wolf bites you.
* * * LOW HITPOINT WARNING * * *
The wolf bites you.
* * * LOW HITPOINT WARNING * * *
The sheep bites you.
* * * LOW HITPOINT WARNING * * *
The wolf bites you!
* * * LOW HITPOINT WARNING * * *
The wolf bites you.
* * * LOW HITPOINT WARNING * * *
The wolf bites you!
* * * LOW HITPOINT WARNING * * *
The sheep bites you.
* * * LOW HITPOINT WARNING * * *
The wolf bites you but does no damage. The sheep bites you!
* * * LOW HITPOINT WARNING * * *
The basilisk bites you!
You die...

.#............................<..
.................................
P<...............................
...............................#.
#..............................##
.................................
#...............................#
f.f............YlY.............##
#f..............@h...............
#f.............Yhh...............
##...............................
#................................
##...........................P...
............................#....
.............................##..
..f.........................####.
#.#.#................###.#.## ##


You could see a basilisk, 3 wolves and 3 sheep.

Vanquished Creatures
  Gastronok (D:9)
  Fannar (Lair:3)
  4 hydras
  Erica (Lair:3)
  Urug (D:10)
  An orc high priest (Orc:4)
  Pikel (D:5)
  A lindwurm (Volcano)
  3 orc knights
  2 hill giants (D:10)
  2 griffons (Lair:4)
  3 black mambas (Lair:4)
  Maurice (D:8)
  An elephant (D:12)
  A feature mimic (Lair:4)
  3 spiny frogs
  Psyche (D:8)
  2 fire drakes
  3 komodo dragons (Lair:3)
  4 trolls
  A fire drake (shapeshifter) (D:12)
  2 two-headed ogres
  8 blink frogs
  A basilisk (D:8)
  27 yaks
  2 toenail golems (Volcano)
  4 hippogriffs
  A wyvern (D:10)
  3 fire elementals (Volcano)
  An elephant slug (D:12)
  A hill giant zombie (D:10)
  A hungry ghost (D:10)
  6 wolves
  8 necrophages
  2 molten gargoyles (Volcano)
  7 porcupines
  A soldier ant (D:12)
  4 ice beasts
  3 phantoms
  2 black bears (D:8)
  8 ogres
  17 orc warriors
  3 sky beasts
  4 wargs
  Duvessa (D:5)
  5 crocodiles
  6 centaurs
  3 giant slugs
  4 water moccasins
  A cyclops zombie (D:12)
  An agate snail (D:12)
  12 giant frogs
  5 wights (D:10)
  22 killer bees
  2 troll zombies (D:12)
  A hippogriff zombie (D:6)
  3 goliath beetles
  Dowan (D:5)
  2 giant frog zombies (D:12)
  7 hounds
  A quasit (D:12)
  A jelly (D:12)
  12 crimson imps
  4 iguanas
  15 orc priests
  A giant frog skeleton (D:5)
  5 scorpions
  6 worker ants
  22 orc wizards
  2 sheep
  A sky beast zombie (D:6)
  A crocodile skeleton (D:11)
  A hound skeleton (D:10)
  A mummy (D:8)
  17 adders
  10 gnolls
  8 green rats (Lair:2)
  3 giant centipedes
  3 giant mites
  An inept feature mimic (D:7)
  6 worms
  A scorpion zombie (D:7)
  An adder zombie (D:5)
  2 giant eyeballs
  6 giant geckos
  3 oozes
  136 orcs
  2 bat skeletons
  A bat zombie (D:6)
  7 giant cockroaches
  13 hobgoblins
  23 jackals
  20 kobolds
  14 quokkas
  23 bats
  A giant gecko skeleton (D:4)
  A giant gecko zombie (D:6)
  5 giant newts
  A giant newt skeleton (D:4)
  2 giant spores
  20 goblins
  A hobgoblin skeleton (D:4)
  2 kobold skeletons (D:4)
  A quokka skeleton (D:4)
  19 rats
  3 ballistomycetes
659 creatures vanquished.

Vanquished Creatures (others)
  5 spectral weapons
  A fire vortex (Volcano)
  An orc wizard (D:4)
  A goblin (D:5)
8 creatures vanquished.

Grand Total: 667 creatures vanquished

Notes
Turn   | Place    | Note
--------------------------------------------------------------
     0 | D:1      | Narretz, the High Elf Skald, began the quest for the Orb.
     0 | D:1      | Reached XP level 1. HP: 13/13 MP: 4/4
   299 | D:1      | Reached skill level 1 in Armour
   463 | D:1      | Reached XP level 2. HP: 9/18 MP: 6/6
   559 | D:1      | Learned a level 2 spell: Song of Slaying
   858 | D:2      | Reached skill level 4 in Charms
   992 | D:2      | Reached XP level 3. HP: 17/23 MP: 0/8
  1376 | D:3      | Reached XP level 4. HP: 26/29 MP: 7/11
  1412 | D:3      | Reached skill level 1 in Stealth
  1706 | D:3      | Learned a level 2 spell: Shroud of Golubria
  1777 | D:3      | Noticed Grinder
  1849 | D:4      | Learned a level 2 spell: Swiftness
  2290 | D:4      | Noticed an ogre
  2346 | D:4      | Killed an ogre
  2346 | D:4      | Reached skill level 1 in Throwing
  2346 | D:4      | Reached XP level 5. HP: 34/34 MP: 10/13
  2563 | D:4      | Reached XP level 6. HP: 39/39 MP: 12/17
  2813 | D:4      | Found a staircase to the Ecumenical Temple.
  2821 | D:4      | Paralysed by a giant eyeball for 2 turns
  2961 | D:4      | Noticed an ogre
  2981 | D:4      | Killed an ogre
  2981 | D:4      | Reached skill level 5 in Charms
  3040 | D:4      | Noticed an ogre
  3103 | D:5      | Entered Level 5 of the Dungeon
  3130 | Temple   | Entered the Ecumenical Temple
  3200 | Temple   | Became a worshipper of Warmaster Okawaru
  3235 | D:5      | Noticed Pikel
  3537 | D:4      | Killed an ogre
  3537 | D:4      | Reached XP level 7. HP: 23/45 MP: 17/19
  3974 | D:5      | Reached skill level 1 in Air Magic
  4017 | D:5      | Reached skill level 5 in Long Blades
  4081 | D:5      | Acquired Okawaru's first power
  4234 | D:5      | Noticed Dowan
  4237 | D:5      | Noticed Duvessa
  4327 | D:6      | Got a vibrating brass ring
  4330 | D:6      | Identified the ring of Ploonynu {Wiz Int+1 Dam+4} (You found it on level 6 of the Dungeon)
  4355 | D:5      | Found a sparkling altar of Nemelex Xobeh.
  4432 | D:6      | Found Shyfaot's Jewellery Shop.
  4446 | D:6      | Reached skill level 5 in Dodging
  4446 | D:6      | Reached XP level 8. HP: 18/51 MP: 21/21
  4802 | D:6      | Got an aquamarine-encrusted ring mail
  4837 | D:6      | Identified the cursed -4 ring mail of the Little Devil {MR++ Str+2 Stlth+} (You found it on level 6 of the Dungeon)
  4923 | D:6      | Learned a level 2 spell: Repel Missiles
  5134 | D:5      | Killed Pikel
  5134 | D:5      | Reached skill level 6 in Long Blades
  5134 | D:5      | Reached skill level 5 in Spellcasting
  5222 | D:5      | Reached skill level 1 in Translocations
  5634 | D:7      | Found a staircase to the Ecumenical Temple.
  5661 | D:7      | the staircase to the Ecumenical Temple was a mimic.
  5846 | D:5      | Killed Duvessa
  5846 | D:5      | Reached XP level 9. HP: 20/56 MP: 21/24
  5988 | D:5      | Killed Dowan
  6524 | D:7      | Reached skill level 7 in Long Blades
  6978 | D:8      | Noticed Psyche
  6986 | D:8      | Killed Psyche
  6986 | D:8      | Reached skill level 1 in Short Blades
  7071 | D:8      | Found Feozil's Distillery.
  7114 | D:8      | Bought a potion of curing for 24 gold pieces
  7568 | D:8      | Reached skill level 8 in Long Blades
  7581 | D:8      | Noticed Maurice
  7773 | D:8      | Killed Maurice
  7773 | D:8      | Reached skill level 1 in Invocations
  7884 | D:8      | Reached skill level 5 in Fighting
  7884 | D:8      | Reached XP level 10. HP: 56/63 MP: 26/26
  7926 | D:9      | Learned a level 4 spell: Song of Shielding
  7930 | D:9      | Learned a level 3 spell: Spectral Weapon
  7939 | D:9      | Found a radiant altar of Vehumet.
  7939 | D:9      | Found a bloodstained altar of Trog.
  7939 | D:9      | Found a shattered altar of Ashenzari.
  7948 | D:9      | Noticed Gastronok
  8707 | D:10     | Entered Level 10 of the Dungeon
  8850 | D:10     | Noticed a hill giant
  8957 | D:10     | Killed a hill giant
  9359 | D:11     | Reached skill level 9 in Dodging
  9608 | D:11     | Found a staircase to the Orcish Mines.
  9608 | D:11     | Found a roughly hewn altar of Beogh.
  9730 | D:10     | Got a smoking wizard hat
  9734 | D:10     | Identified the +2 wizard hat "Ecanaz" {Dex+3 Dam+5} (You found it on level 10 of the Dungeon)
  9746 | D:10     | Acquired Okawaru's second power
  9836 | D:10     | Noticed Urug
  9865 | D:10     | Killed Urug
  9999 | D:10     | Noticed a hill giant
 10036 | D:10     | Killed a hill giant
 10176 | D:10     | Noticed Mortschlag's ghost (experienced GrFi)
 10221 | D:11     | Reached XP level 11. HP: 42/70 MP: 25/28
 10263 | D:11     | Reached skill level 1 in Hexes
 10466 | D:10     | Noticed Nergalle
 10520 | D:10     | Received a gift from Okawaru
 10799 | D:9      | Killed Gastronok
 10799 | D:9      | Reached skill level 1 in Shields
 11446 | Orc:1    | Entered Level 1 of the Orcish Mines
 11563 | Orc:1    | Found a flagged portal.
 11579 | Orc:1    | Upgraded the game from 0.13.0-3-g966e3ec to 0.13.0-5-g7e31f0a
 11579 | Orc:1    | Upgraded the game from 0.13.0-5-g7e31f0a to 0.13.0-11-g0187522
 11579 | Orc:1    | Upgraded the game from 0.13.0-11-g0187522 to 0.13.0-13-g27bfa31
 11581 | Bailey   | Entered a bailey
 11918 | Orc:2    | Reached skill level 10 in Dodging
 12143 | Orc:2    | Found Laepn's Antique Armour Shop.
 12275 | Orc:2    | Bought a dazzling buckler for 180 gold pieces
 12281 | Orc:2    | Identified the cursed -5 buckler of the Eight Ships {Str+2 Dex+2} (You bought it in a shop on level 2 of the Orcish Mines)
 12657 | Orc:1    | Found Gra Hops' Antique Armour Shop.
 12757 | Orc:2    | Reached skill level 10 in Long Blades
 12900 | Orc:1    | Noticed Edmund
 13161 | Orc:3    | Received a gift from Okawaru
 13174 | Orc:3    | Learned a level 3 spell: Flight
 13178 | Orc:3    | Learned a level 3 spell: Regeneration
 13534 | Orc:4    | Entered Level 4 of the Orcish Mines
 13534 | Orc:4    | Found Viaqif's Antique Armour Boutique.
 13534 | Orc:4    | Noticed an orc high priest
 13651 | Orc:4    | Killed an orc high priest
 13707 | Orc:4    | Noticed an orc high priest
 13814 | Orc:4    | Noticed a sun demon
 13892 | D:12     | Found a staircase to the Lair.
 14025 | D:12     | Reached XP level 12. HP: 77/77 MP: 25/31
 14157 | D:12     | Reached skill level 5 in Stealth
 14377 | D:12     | Received a gift from Okawaru
 14384 | D:12     | Got an ancient ring mail {god gift}
 14402 | D:12     | Identified the +3 ring mail "Pnuell" {Str-1 Dex+3} (Okawaru gifted it to you on level 12 of the Dungeon)
 14527 | D:12     | Noticed an eight-headed hydra
 14951 | D:12     | Killed an eight-headed hydra
 14951 | D:12     | Reached skill level 1 in Evocations
 15137 | Lair:1   | Entered Level 1 of the Lair of Beasts
 15138 | Lair:1   | Noticed a six-headed hydra
 15363 | Lair:1   | Reached skill level 5 in Shields
 15508 | Lair:1   | Reached skill level 10 in Charms
 15675 | Lair:1   | Reached skill level 11 in Dodging
 16255 | Lair:2   | Reached skill level 10 in Spellcasting
 16740 | Lair:2   | Got a pair of crude gloves
 16743 | Lair:2   | Identified the +0 pair of gloves of Instinct {rPois} (You found it on level 2 of the Lair of Beasts)
 17338 | Lair:3   | Received a gift from Okawaru
 17587 | Lair:3   | Noticed Fannar
 17587 | Lair:3   | Noticed Erica
 17841 | Lair:3   | Found a dark tunnel.
 17862 | Volcano  | Entered a volcano
 17867 | Volcano  | Identified a +1 cloak of preservation (Okawaru gifted it to you on level 3 of the Lair of Beasts)
 17899 | Volcano  | Reached XP level 13. HP: 66/84 MP: 28/32
 18382 | Lair:3   | Killed Fannar
 18388 | Lair:3   | Killed Erica
 18952 | Lair:4   | Found a staircase to the Shoals.
 18976 | Lair:4   | Reached skill level 12 in Dodging
 20019 | Lair:4   | HP: 1/85 [sheep (5)]
 20019 | Lair:4   | Mangled by a basilisk

Action                   |  1- 3 |  4- 6 |  7- 9 | 10-12 | 13-15 || total
-------------------------+-------+-------+-------+-------+-------++-------
Melee: Falchion          |   103 |   115 |       |       |       ||   218
       Long sword        |       |    80 |   438 |  1074 |   178 ||  1770
       Dagger            |       |       |    28 |     4 |       ||    32
       Scimitar          |       |       |       |       |    21 ||    21
 Fire: Blowgun           |       |       |    29 |    30 |       ||    59
Throw: Dart              |     3 |       |     1 |     1 |       ||     5
       Javelin           |     5 |    38 |    47 |    67 |       ||   157
       Dagger            |       |       |       |     1 |       ||     1
       Hand axe          |       |       |       |     1 |       ||     1
 Cast: Infusion          |     7 |    11 |    25 |    38 |     6 ||    87
       Song of Slaying   |     5 |     4 |     9 |    17 |     5 ||    40
       Swiftness         |       |     8 |     9 |    42 |     5 ||    64
       Shroud of Golubri |       |     2 |     7 |    35 |    13 ||    57
       Repel Missiles    |       |       |     4 |    19 |     5 ||    28
       Spectral Weapon   |       |       |       |    19 |     1 ||    20
       Song of Shielding |       |       |       |    20 |       ||    20
       Regeneration      |       |       |       |     1 |       ||     1
       Flight            |       |       |       |       |     1 ||     1
Invok: Heroism           |       |       |     4 |     6 |     1 ||    11
       Finesse           |       |       |       |       |     1 ||     1
Evoke: Wand              |       |       |     2 |     9 |     6 ||    17
  Use: Scroll            |     4 |     5 |     7 |     8 |     3 ||    27
       Potion            |       |     1 |     4 |     1 |       ||     6
 Stab: Sleeping          |       |       |     6 |    13 |     1 ||    20
       Distracted        |       |       |     1 |     5 |     1 ||     7
